 Dungeon Crawl Stone Soup version 0.23-a0-625-g1d2cd9b (console) character file.

145544 Duffy the Eclecticist (level 16, 0/97 HPs)
             Began as a Deep Elf Wizard on Dec 24, 2018.
             Was the Champion of Vehumet.
             Slain by a saltling (17 damage)
             ... in the Desolation of Salt.
             The game lasted 01:29:55 (36134 turns).

Duffy the Eclecticist (Deep Elf Wizard)            Turns: 36134, Time: 01:29:56

Health: 0/97       AC: 12    Str:  4    XL:     16   Next: 87%
Magic:  5/57       EV: 20    Int: 31    God:    Vehumet [******]
Gold:   1594       SH:  0    Dex: 13    Spells: 23/55 levels left

rFire    + + .     SeeInvis +   K - staff of power {!a}
rCold    + . .     Gourm    .   (no shield)
rNeg     . . .     Faith    .   C - +2 robe {rC+ rF+}
rPois    .         Spirit   .   l - +0 helmet
rElec    .         Reflect  .   g - +0 cloak
rCorr    .         Harm     .   h - +0 pair of gloves
MR       +....                  P - +2 pair of boots {run}
Stlth    ++........             I - amulet of magic regeneration
HPRegen  0.26/turn              c - ring of protection from fire
MPRegen  0.60/turn              O - ring of see invisible

@: studying Fire Magic, quick
A: no striking features
a: Renounce Religion


You were in the Desolation of Salt.
You worshipped Vehumet.
Vehumet was exalted by your worship.
You were not hungry.

You visited 5 branches of the dungeon, and saw 25 of its levels.
You also visited: Sewer, Ossuary and Desolation.

You collected 2173 gold pieces.
You spent 579 gold pieces at shops.

Inventory:

Hand Weapons
 a - the +3 Elemental Staff {rElec rF++ rC++ MR++ AC+5}
   (You found it in the Desolation of Salt)

   It affects your AC (+5).
   It greatly protects you from fire.
   It greatly protects you from cold.
   It insulates you from electricity.
   It affects your resistance to hostile enchantments.
 w - the +11 double sword of Atiokuq {slice, rF+ Int+4 Dex+2}
   (You found it on level 9 of the Dungeon)

   It inflicts extra damage upon your enemies.
   It affects your intelligence (+4).
   It affects your dexterity (+2).
   It protects you from fire.
Armour
 g - a +0 cloak (worn)
 h - a +0 pair of gloves (worn)
 l - a +0 helmet (worn)
 C - a +2 robe of resistance (worn)
 H - a scarf of resistance
 P - a +2 pair of boots of running (worn)
Magical Staves
 f - an uncursed staff of air
 K - an uncursed staff of power (weapon) {!a}
Jewellery
 c - a ring of protection from fire (left hand)
 x - an uncursed ring of resist corrosion
 I - an amulet of magic regeneration (around neck)
 J - an uncursed ring of protection from cold
 O - a ring of see invisible (right hand)
 Y - the ring "Utops" {*Tele +Blink +Inv rPois MR+}
   (You took it off a ragged hierophant in the Desolation of Salt)

   [ring of teleportation]

   It may teleport you next to monsters.
   It protects you from poison.
   It affects your resistance to hostile enchantments.
   It lets you turn invisible.
   It lets you blink.
Wands
 s - a wand of polymorph (14)
 B - a wand of scattershot (2)
 L - a wand of digging (7)
 M - a wand of acid (4)
 U - a wand of iceblast (24)
Scrolls
 e - 6 scrolls of teleportation
 k - 6 scrolls of blinking
 n - a scroll of noise {unknown}
 o - 4 scrolls of immolation
 p - 3 scrolls of amnesia
 r - 9 scrolls of fog
 u - 5 scrolls of enchant weapon {unknown}
 y - 5 scrolls of fear {unknown}
 D - 3 scrolls of random uselessness {unknown}
 E - 5 scrolls of enchant armour
 G - a scroll of summoning
 N - 8 scrolls of remove curse
 Q - a scroll of silence {unknown}
 T - 2 scrolls of magic mapping {unknown}
 V - a scroll of holy word {unknown}
Potions
 b - 3 potions of mutation {unknown}
 i - 11 potions of curing
 j - 5 potions of agility
 m - a potion of ambrosia
 q - a potion of invisibility
 t - 6 potions of heal wounds
 z - 5 potions of lignification
 A - 3 potions of flight
 F - 4 potions of cancellation
 R - 3 potions of haste
 S - 3 potions of magic
 W - a potion of resistance
 X - 3 potions of brilliance
Books
 Z - a manual of Fire Magic
Miscellaneous
 v - 2 boxes of beasts
Comestibles
 d - 39 rations


   Skills:
 - Level 10.0 Fighting
 - Level 8.0 Armour
 - Level 12.5 Dodging
 - Level 2.4 Stealth
 + Level 20.0 Spellcasting
 + Level 13.1 Conjurations
 - Level 4.0 Summonings
 - Level 2.0 Translocations
 * Level 10.3 Fire Magic
 - Level 10.0 Earth Magic
 - Level 8.0 Evocations


You had 23 spell levels left.
You knew the following spells:

 Your Spells              Type           Power        Failure   Level  Hunger
a - Apportation           Tloc           #####.       1%          1    None
h - Bolt of Fire          Conj/Fire      #######...   1%          6    None
i - Call Imp              Summ           ######..     1%          2    None
j - Iron Shot             Conj/Erth      #######...   1%          6    None
k - Mephitic Cloud        Conj/Pois/Air  ######..     1%          3    None
l - Conjure Flame         Conj/Fire      #######.     1%          3    None
o - Stone Arrow           Conj/Erth      ######       1%          3    None
u - Magic Dart            Conj           ####         0%          1    None
y - Bolt of Magma         Conj/Fire/Erth #######...   1%          5    None
B - Blink                 Tloc           N/A          1%          2    None

Your spell library contained the following spells:

 Spells                   Type           Power        Failure   Level  Hunger
 Bolt of Cold             Conj/Ice       ######....   3%          6    None
 Sandblast                Erth           ######       0%          1    None
 Throw Flame              Conj/Fire      ######       0%          2    None
 Animate Skeleton         Necr           N/A          1%          1    None
 Confusing Touch          Hex            ####..       1%          1    None
 Corona                   Hex            ####...      1%          1    None
 Summon Small Mammal      Summ           ####         1%          1    None
 Ensorcelled Hibernation  Hex/Ice        ####..       1%          2    None
 Passwall                 Tmut/Erth      ######..     1%          2    None
 Slow                     Hex            ####....     1%          2    None
 Sticks to Snakes         Tmut           ####....     1%          2    None
 Dazzling Spray           Conj/Hex       ######       1%          3    None
 Lesser Beckoning         Tloc           #####.....   1%          3    None
 Recall                   Summ/Tloc      N/A          1%          3    None
 Petrify                  Tmut/Erth      ######..     1%          4    None
 Lee's Rapid Deconstruct  Erth           #######...   1%          5    None
 Portal Projectile        Hex/Tloc       #####.       2%          3    None
 Confuse                  Hex            ####....     3%          3    None
 Ozocubu's Armour         Chrm/Ice       ####....     3%          3    None
 Tukima's Dance           Hex            ####....     3%          3    None
 Summon Forest            Summ/Tloc      #####.....   10%         5    None
 Hydra Form               Tmut           ####......   87%         6    None
 Shatter                  Erth           #######...   98%         9    ######.
 Dragon Form              Tmut           ####......   100%        7    ###....


Dungeon Overview and Level Annotations

Branches:
Dungeon (15/15)            Temple (1/1) D:6            Lair (6/6) D:8
 Shoals (0/4) Lair:4        Snake (0/4) Lair:4        Slime (0/5) Lair:5
    Orc (2/2) D:10            Elf (1/3) Orc:2        Vaults (0/5) D:14
 Depths (0/5) D:15

Altars:
Ashenzari
Cheibriados
Dithmenos
Elyvilon
Fedhas
Gozag
Hepliaklqana
Kikubaaqudgha
Makhleb
Nemelex Xobeh
Okawaru
Qazlal
Ru
Sif Muna
Trog
Uskayaw
Vehumet
Wu Jian
Xom
Yredelemnul
Zin
The Shining One
Jiyva

Shops:
D:15 *   Orc:2 [}}*%   Elf:1 *

Annotations:
Lair:5 1 runed door
Elf:1 Agnes


Message History

The bolt of fire hits the peacekeeper.
The peacekeeper resists.
You destroy the peacekeeper!
Vehumet accepts your kill.
You feel your power returning. The saltling hits you!
The peacekeeper misses you. x2
Casting: Bolt of Fire (safe; 1% risk of failure)
Confirm with . or Enter, or press ? or * to list all spells.
You don't know that spell.
Unknown command.
Casting: Bolt of Fire (safe; 1% risk of failure)
Confirm with . or Enter, or press ? or * to list all spells.
Aiming: Bolt of Fire (safe; 1% risk of failure)
Press: ? - help, Shift-Dir - straight line, f - saltling
Aim: a saltling (salt, almost destroyed, unusually strong)
The bolt of fire hits the peacekeeper.
The peacekeeper resists.
The peacekeeper is severely damaged.
The peacekeeper closely misses you. The peacekeeper completely misses you.
The saltling hits you! The peacekeeper misses you. The peacekeeper claws you!
The saltling hits you!
You die...

0080..........#0.000.0..#...#.#....
0..0..........0..000000.#...##.#..#
.........)....0.00000000#....##....
..............0000000000##...#....#
.0.............0000000000###...##..
000.............00000000..######.#.
..000..........0000000.............
0000.)........00800000.0..........0
0000...........08@00.0.00..........
00000........%#0.0.000000....00.000
0............#...0000.....#.)00000
00.................0..)....#.00.00
0.............................0000
0............................00000
..0..............#...........0.000
00...............#...........00000
.....#.......................0.000


You could see a peacekeeper and a saltling.

Vanquished Creatures
  Rupert (Lair:5)
  Frances (Elf:1)
  Louise (D:15)
  An imperial myrmidon (Desolation)
  A very ugly thing (D:15)
  Azrael (D:15)
  The ghost of Thaneod the Severer, a journeyman VSFi of Trog (Orc:2)
  The ghost of Xuoggeih the Cleaver, a journeyman NaFi of Gozag (Lair:1)
  A crystal guardian (Desolation)
  7 ragged hierophants (Desolation)
  Snorg (Lair:5)
  Josephine (D:11)
  Fannar (Lair:1)
  A rakshasa (D:15)
  10 hydras
  6 servants of whispers (Desolation)
  5 vault guards (D:14)
  4 peacekeepers (Desolation)
  4 catoblepae
  3 centaur warriors
  A death knight (D:14)
  2 ogre magi
  A two-headed ogre (shapeshifter) (D:15)
  5 death yaks (Lair:6)
  2 tengu warriors (D:15)
  10 two-headed ogres
  Urug (Lair:2)
  A spectral orc (Orc:2)
  3 orc high priests (Orc:2)
  Sonja (Orc:2)
  A deep elf knight (Elf:1)
  A skeletal warrior (D:14)
  The ghost of melvinkitnick the Summoner, a novice GnSu of Ashenzari (D:8)
  3 unseen horrors
  5 orc knights (Orc:2)
  A glowing orange brain (D:15)
  Pikel (D:8)
  A lindwurm (Lair:6)
  A wizard (D:14)
  3 ironbrand convokers (Desolation)
  2 oklob plants
  5 deep elf magi
  19 ugly things
  5 orc sorcerers
  4 manticores
  4 cyclopes
  3 guardian serpents (Desolation)
  10 elephants
  Joseph (D:8)
  2 black mambas
  3 gargoyles
  9 spiny frogs
  2 freezing wraiths (D:14)
  2 kobold demonologists (D:12)
  9 komodo dragons
  4 rime drakes
  6 trolls
  A meliai (shapeshifter) (D:14)
  2 hornets
  16 slime creatures
  53 saltlings (Desolation)
  2 dream sheep (D:10)
  33 blink frogs
  2 hippogriffs
  A vampire (D:13)
  2 shadows
  Sigmund (D:5)
  7 wraiths
  A wyvern (D:9)
  3 basilisks
  2 fire elementals (D:15)
  2 hungry ghosts
  39 yaks
  A human (D:14)
  9 wargs
  A soldier ant (shapeshifter) (D:15)
  2 hell hounds (D:15)
  17 water moccasins
  22 orc warriors
  9 porcupines
  2 sky beasts
  A hornet zombie (D:12)
  Purgy (Sewer)
  2 slaves (D:8)
  3 ice beasts
  A phantom (D:9)
  A black bear (Lair:1)
  15 ogres
  19 wolves
  15 centaurs
  3 eyes of draining
  9 crocodiles
  16 big kobolds
  20 bullfrogs
  4 gnoll sergeants
  A spectral warg (Orc:2)
  6 scorpions
  A water moccasin skeleton (D:9)
  12 killer bees
  2 spectral ogres (Orc:2)
  18 wights
  2 electric eels
  2 howler monkeys
  10 crimson imps
  2 bullfrog zombies
  A human zombie (Ossuary)
  A bullfrog skeleton (D:12)
  5 centaur skeletons
  6 centaur zombies
  2 jellies
  19 orc priests
  5 hounds
  30 orc wizards
  10 iguanas
  4 worker ants
  A killer bee zombie (D:8)
  2 hound zombies
  A howler monkey zombie (D:9)
  2 worker ant zombies
  18 gnolls
  2 howler monkey skeletons
  6 adders
  2 ogre simulacra (Orc:2)
  4 shadow imps
  3 orc simulacra (Orc:2)
  4 adder zombies
  An ooze (D:7)
  2 adder skeletons
  A worm (D:3)
  2 dart slugs (D:1)
  5 leopard geckos
  78 orcs
  9 giant cockroaches
  2 gnoll zombies (Ossuary)
  10 goblins
  5 hobgoblins
  8 jackals
  8 quokkas
  A ball python (D:3)
  9 bats
  6 frilled lizards
  A goblin zombie (Ossuary)
  A hobgoblin zombie (Ossuary)
  A jackal zombie (Ossuary)
  24 kobolds
  A leopard gecko skeleton (D:6)
  A quokka skeleton (D:7)
  9 rats
  A rat zombie (Ossuary)
  A plant (D:11)
898 creatures vanquished.

Vanquished Creatures (collateral kills)
  An ogre (D:5)
  A centaur (D:5)
  A scorpion (D:5)
  A howler monkey (D:5)
  A crimson imp (D:6)
  A centaur skeleton (D:4)
  2 orc priests (D:3)
  Ijyb (D:3)
  3 orc wizards
  3 worker ants
  A big kobold zombie (Ossuary)
  4 mummies (Ossuary)
  Robin (D:2)
  A gnoll (D:10)
  An ooze (D:2)
  3 worms (D:4)
  A dart slug (D:5)
  23 orcs
  2 giant cockroaches
  10 goblins
  4 hobgoblins (D:2)
  9 jackals
  2 quokkas
  A ball python (D:4)
  A frilled lizard (D:4)
  A jackal skeleton (D:4)
  A kobold zombie (Ossuary)
  A quokka skeleton (D:4)
  A rat (D:3)
83 creatures vanquished.

Vanquished Creatures (others)
  A gnoll sergeant (D:10)
  A slave (D:8)
  An ogre (D:10)
  A big kobold (D:10)
  An orc wizard (D:15)
  A gnoll (D:10)
  An orc (D:8)
  4 fungi
  4 plants (Lair:6)
15 creatures vanquished.

Grand Total: 996 creatures vanquished

Notes
Turn   | Place    | Note
-------+----------+-------------------------------------------
     0 | D:1      | Duffy the Deep Elf Wizard began the quest for the Orb.
     0 | D:1      | Reached XP level 1. HP: 10/10 MP: 7/7
   236 | D:1      | Reached XP level 2. HP: 15/15 MP: 5/9
   482 | D:1      | Reached skill level 5 in Spellcasting
   737 | D:1      | Reached XP level 3. HP: 19/19 MP: 7/11
   976 | D:1      | Learned a level 3 spell: Mephitic Cloud
   980 | D:1      | Learned a level 3 spell: Conjure Flame
   985 | D:1      | Learned a level 2 spell: Blink
  1113 | D:2      | Learned a level 2 spell: Call Imp
  1563 | D:2      | Noticed Robin
  1816 | D:2      | Killed Robin
  1816 | D:2      | Reached XP level 4. HP: 24/24 MP: 6/13
  1870 | D:2      | You fall through a shaft for 2 floors!
  1926 | D:4      | Noticed an orc warrior
  2188 | D:4      | Found a basalt altar of Yredelemnul.
  2235 | D:4      | Found a glowing drain.
  2255 | Sewer    | Entered a sewer
  2416 | Sewer    | Noticed Purgy
  2429 | Sewer    | Killed Purgy
  2429 | Sewer    | Reached skill level 6 in Spellcasting
  2429 | Sewer    | Reached XP level 5. HP: 28/28 MP: 2/15
  3033 | D:4      | Killed an orc warrior
  3033 | D:4      | Reached XP level 6. HP: 31/32 MP: 1/17
  3151 | D:3      | Noticed Ijyb
  3165 | D:3      | Killed Ijyb
  3265 | D:4      | Reached skill level 7 in Spellcasting
  3450 | D:4      | Found a white marble altar of Elyvilon.
  4080 | D:3      | Reached XP level 7. HP: 28/37 MP: 9/19
  4193 | D:3      | Reached skill level 1 in Fighting
  4342 | D:3      | Reached skill level 5 in Conjurations
  4727 | D:5      | Entered Level 5 of the Dungeon
  4852 | D:5      | Got an encrusted falchion
  4853 | D:5      | Identified the cursed +2 falchion of Regicide {venom, rN+}
                  | (You found it on level 5 of the Dungeon)
  4868 | D:5      | Reached skill level 1 in Armour
  4892 | D:5      | Found a sand-covered staircase.
  4954 | Ossuary  | Entered an ossuary
  5467 | D:5      | Reached XP level 8. HP: 14/46 MP: 10/21
  5734 | D:5      | Noticed Sigmund
  5753 | D:5      | Killed Sigmund
  6122 | D:5      | Found a stormy altar of Qazlal.
  6755 | D:6      | Found a staircase to the Ecumenical Temple.
  6763 | Temple   | Entered the Ecumenical Temple
  6868 | Temple   | Became a worshipper of Vehumet
  6973 | D:6      | Got a shimmering war axe
  7006 | D:6      | Found a burning altar of Makhleb.
  7006 | D:6      | Noticed a cacodemon
  7009 | D:6      | Noticed a hellwing
  7009 | D:6      | Noticed a hellwing
  7103 | D:6      | Found a bloodstained altar of Trog.
  7330 | D:7      | Reached skill level 5 in Dodging
  7435 | D:7      | Found an ornate altar of the Wu Jian Council.
  7599 | D:7      | Reached skill level 5 in Fighting
  7963 | D:7      | Identified the cursed +3 war axe "Fungoeg" {drain, rF++}
                  | (You found it on level 6 of the Dungeon)
  8212 | D:7      | Reached skill level 1 in Evocations
  8373 | D:8      | Found a transporter.
  8373 | D:8      | Found a transporter.
  8373 | D:8      | Noticed a two-headed ogre
  8374 | D:8      | Noticed melvinkitnick's ghost (novice GnSu)
  8487 | D:7      | Reached * piety under Vehumet
  8487 | D:7      | Offered knowledge of Flame Tongue by Vehumet.
  8604 | D:7      | Reached XP level 9. HP: 54/54 MP: 11/22
  9270 | D:8      | Found a staircase to the Lair.
  9834 | D:8      | Noticed Pikel
  9847 | D:8      | Noticed Joseph
  9859 | D:8      | Killed Pikel
 10329 | D:8      | Killed Joseph
 10457 | D:8      | Learned a level 3 spell: Stone Arrow
 10478 | D:8      | Found a sparkling altar of Nemelex Xobeh.
 10478 | D:8      | Found a faded altar of an unknown god.
 10483 | D:8      | Found a faded altar of an unknown god.
 10485 | D:8      | Found a sacrificial altar of Ru.
 10486 | D:8      | Found a hazy altar of Hepliaklqana.
 10541 | D:8      | Reached ** piety under Vehumet
 10541 | D:8      | Offered knowledge of Searing Ray by Vehumet.
 10545 | D:8      | Reached skill level 1 in Earth Magic
 10658 | D:8      | Reached XP level 10. HP: 55/63 MP: 17/23
 12000 | D:9      | Reached skill level 8 in Spellcasting
 12024 | D:9      | Offered knowledge of Throw Flame by Vehumet.
 12169 | D:9      | Noticed a green ugly thing
 12169 | D:9      | Noticed a manticore
 12169 | D:9      | Noticed a two-headed ogre
 12237 | D:9      | Killed a two-headed ogre
 12266 | D:9      | Killed a green ugly thing
 12266 | D:9      | Reached skill level 9 in Spellcasting
 12266 | D:9      | Reached skill level 5 in Earth Magic
 12458 | D:9      | Killed a manticore
 12529 | D:9      | Identified the Reference Book on the Spatial Blaze
 12554 | D:9      | Got a scorched double sword
 12565 | D:9      | Identified the +11 double sword of Atiokuq {slice, rF+
                  | Int+4 Dex+2} (You found it on level 9 of the Dungeon)
 12701 | D:9      | Reached *** piety under Vehumet
 12972 | D:9      | Learned a level 5 spell: Bolt of Magma
 13147 | D:10     | Entered Level 10 of the Dungeon
 13152 | D:10     | Reached skill level 1 in Fire Magic
 13368 | D:10     | Reached XP level 11. HP: 67/67 MP: 17/26
 13440 | D:10     | Offered knowledge of Dazzling Spray by Vehumet.
 13490 | D:10     | Reached skill level 10 in Spellcasting
 13622 | D:10     | Found a hide-covered altar of Uskayaw.
 14100 | D:10     | Noticed a three-headed hydra
 14108 | D:10     | Killed a three-headed hydra
 14258 | D:10     | Found a staircase to the Orcish Mines.
 14265 | D:10     | Reached **** piety under Vehumet
 14276 | D:10     | Offered knowledge of Static Discharge by Vehumet.
 14276 | D:10     | Reached skill level 5 in Fire Magic
 14626 | Lair:1   | Entered Level 1 of the Lair of Beasts
 14635 | Lair:1   | Reached skill level 11 in Spellcasting
 14728 | Lair:1   | Noticed Fannar
 14752 | Lair:1   | Killed Fannar
 14942 | Lair:1   | Reached skill level 12 in Spellcasting
 15311 | Lair:1   | Found a runed door.
 15312 | Lair:1   | Noticed Xuoggeih's ghost (journeyman NaFi)
 15620 | Lair:2   | Reached skill level 10 in Conjurations
 15717 | Lair:2   | Reached ***** piety under Vehumet
 15778 | Lair:2   | Reached XP level 12. HP: 72/72 MP: 27/30
 16003 | Lair:2   | Offered knowledge of Lightning Bolt by Vehumet.
 16081 | Lair:2   | Noticed Urug
 16096 | Lair:2   | Killed Urug
 16096 | Lair:2   | Reached skill level 13 in Spellcasting
 16729 | Lair:2   | Noticed a four-headed hydra
 16738 | Lair:2   | Killed a four-headed hydra
 17266 | Lair:3   | Noticed a catoblepas
 17282 | Lair:3   | Killed a catoblepas
 17499 | Lair:3   | Reached skill level 10 in Dodging
 18752 | Lair:4   | Noticed a four-headed hydra
 18760 | Lair:4   | Killed a four-headed hydra
 18760 | Lair:4   | Reached XP level 13. HP: 80/80 MP: 21/32
 19008 | Lair:4   | Found a shimmering altar of Xom.
 19323 | Lair:4   | Found a staircase to the Shoals.
 19756 | Lair:4   | Found a staircase to the Snake Pit.
 20244 | Lair:5   | Found a hazy altar of Hepliaklqana.
 20255 | Lair:5   | Reached skill level 10 in Fighting
 20459 | Lair:5   | Noticed Snorg
 20473 | Lair:5   | Killed Snorg
 20634 | Lair:5   | Found a runed door.
 20661 | Lair:5   | Found a viscous altar of Jiyva.
 20662 | Lair:5   | Found a staircase to the Slime Pits.
 20769 | Lair:5   | Identified a +2 pair of boots of running (You found it on
                  | level 5 of the Lair of Beasts)
 20793 | Lair:5   | Noticed Rupert
 20831 | Lair:5   | Found the +15 Maxwell's patent armour {-Cast -Tele rElec
                  | MR+ rCorr}
 21036 | Lair:6   | Entered Level 6 of the Lair of Beasts
 21112 | Lair:6   | Reached skill level 5 in Evocations
 21177 | Lair:6   | Offered knowledge of Iskenderun's Battlesphere by Vehumet.
 22350 | Lair:6   | Reached skill level 14 in Spellcasting
 23052 | Lair:6   | Reached XP level 14. HP: 85/88 MP: 14/34
 23310 | Lair:6   | Learned a level 1 spell: Apportation
 23635 | Orc:1    | Entered Level 1 of the Orcish Mines
 23878 | Orc:1    | Offered knowledge of Iron Shot by Vehumet.
 23910 | D:10     | Learned a level 6 spell: Iron Shot
 24387 | Orc:2    | Entered Level 2 of the Orcish Mines
 24701 | Orc:2    | Found Evvisepu's Armour Shop.
 25229 | Orc:2    | Reached skill level 15 in Spellcasting
 25631 | Orc:2    | Found Maunigy's Gadget Boutique.
 25631 | Orc:2    | Found Ypho's Food Emporium.
 25632 | Orc:2    | Paralysed by an orc sorcerer for 3 turns
 25641 | Orc:2    | Found Xaewnios's Gadget Boutique.
 25641 | Orc:2    | Found Poepp's Assorted Antiques.
 25650 | Orc:2    | Bought a scroll labeled JIMOZX TYSEQY for 35 gold pieces
 25650 | Orc:2    | Bought a scroll labeled TOSYUGOUQE for 35 gold pieces
 25650 | Orc:2    | Bought a smoky dark potion for 31 gold pieces
 25843 | Orc:2    | Found a runed gate.
 25843 | Orc:2    | Found a runed gate.
 25848 | Orc:2    | Found a runed gate.
 25849 | Orc:2    | Noticed Thaneod's ghost (journeyman VSFi)
 25958 | Orc:2    | Noticed Sonja
 25959 | Orc:2    | Killed Sonja
 25967 | Orc:2    | Found a staircase to the Elven Halls.
 26148 | Orc:2    | Bought a short ivory wand for 140 gold pieces
 26148 | Orc:2    | Bought a forked bronze wand for 140 gold pieces
 26627 | D:11     | Found a burning altar of Makhleb.
 27269 | D:12     | Noticed Josephine
 27280 | D:11     | Killed Josephine
 27432 | D:11     | Offered knowledge of Bolt of Fire by Vehumet.
 27488 | D:11     | Learned a level 6 spell: Bolt of Fire
 28120 | D:12     | Reached skill level 16 in Spellcasting
 28482 | D:13     | You fall through a shaft!
 28708 | D:14     | Reached XP level 15. HP: 49/92 MP: 15/37
 30563 | D:14     | Reached ****** piety under Vehumet
 31241 | D:14     | Offered knowledge of Conjure Ball Lightning by Vehumet.
 31246 | D:14     | Reached skill level 17 in Spellcasting
 31294 | D:14     | Found a gate to the Vaults.
 31298 | D:14     | Reached skill level 10 in Earth Magic
 31409 | D:15     | Entered Level 15 of the Dungeon
 31661 | D:15     | Found Umax's General Store.
 31667 | D:15     | Bought a scroll of enchant armour for 142 gold pieces
 31685 | D:15     | Noticed Azrael
 31698 | D:15     | Killed Azrael
 32221 | D:15     | Noticed Louise
 32236 | D:15     | Killed Louise
 32407 | D:15     | Reached skill level 10 in Fire Magic
 32493 | D:15     | Reached skill level 18 in Spellcasting
 32559 | D:15     | Offered knowledge of Orb of Destruction by Vehumet.
 32652 | D:15     | Reached XP level 16. HP: 97/97 MP: 37/40
 32695 | D:15     | Found a staircase to the Depths.
 33360 | D:8      | Killed melvinkitnick's ghost
 33460 | Lair:1   | Killed Xuoggeih's ghost
 33460 | Lair:1   | Reached skill level 5 in Armour
 33647 | Lair:5   | Killed Rupert
 33940 | Orc:2    | Killed Thaneod's ghost
 34083 | Elf:1    | Entered Level 1 of the Elven Halls
 34098 | Elf:1    | Found Gufedade's General Store.
 34100 | Elf:1    | Noticed Frances
 34108 | Elf:1    | Killed Frances
 34119 | Elf:1    | Bought a scroll of identify for 28 gold pieces
 34119 | Elf:1    | Bought a scroll of fog for 28 gold pieces
 34144 | Elf:1    | Noticed Agnes
 34266 | Elf:1    | Found a ruined gateway.
 34283 | Desolati | Entered the Desolation of Salt
 34508 | Desolati | Reached skill level 19 in Spellcasting
 34836 | Desolati | Identified the +3 rapier "Rustax" {venom, Int+2}
 34901 | Desolati | Identified Sif Muna's Collected Works on Frigorific
                  | Orientation
 35177 | Desolati | Identified the Volume of Shifting Stones
 35567 | Desolati | Offered knowledge of Bolt of Cold by Vehumet.
 35711 | Desolati | Identified the ring "Utops" {*Tele +Blink +Inv rPois MR+}
 35773 | Desolati | Found the +3 Elemental Staff {rElec rF++ rC++ MR++ AC+5}
 35805 | Desolati | Identified the Papyrus of the Mountains and Transformation
 35824 | Desolati | Identified the Tome of Slavery and the Mountains
 36023 | Desolati | Reached skill level 20 in Spellcasting
 36134 | Desolati | Slain by a saltling

Vault maps used:
D:1:      tarquinn_simple_flora_water_c, serial_corexii_hall,
          chequers_hall_statues_corner_a, chequers_hall_statues_corner_a
D:2:      minmay_misc_feat_tiny, grunt_dithmenos_smoke, uniq_robin
D:3:      grunt_ministairs_1, uniq_ijyb
D:4:      yredelemnul_altar_generic, old_standard_altar,
          cheibrodos_sewer_entry_sluice, minivault_1, roderic_lattice_a,
          grunt_ministairs_1
D:5:      kennysheep_little_box, enter_ossuary_5, first_ration, uniq_sigmund
D:6:      makhleb_altar_promises_db, lemuel_doored_altar,
          minmay_temple_entry_drinking_statues, minivault_26
D:7:      overflow_temple_1_default
D:8:      chequers_temple_overflow_minitemple, erik_lair_orcish_takeover,
          gammafunk_ghost_smash, serial_co_window_serial, co_window_paths_b,
          co_window_paths_a, co_window_paths_a, co_window_of_opportunity_a,
          co_window_corner_a, co_window_of_opportunity_a, co_window_paths_a,
          co_window_paths_c, co_window_corner_ca, co_window_broadway_b,
          co_window_corner_b, glass_columns_a, glass_columns_a, uniq_joseph,
          uniq_pikel
D:9:      minmay_the_grid_triangle_9x9_recursive_2, serial_bayou_lagoon_b
D:10:     kennysheep_orc_monster_closet_entryway, basic_altar, hangedman_ranch,
          kennysheep_generic_room_10
D:11:     lemuel_oklob_altar
D:12:     minmay_liquid_box, uniq_josephine
D:14:     grunt_vaults_entry_fortified, nicolae_twisting_strands, minivault_1
D:15:     gammafunk_enter_depths_forms, patterned_corridor, serial_rivers,
          chequers_serial_rivers_small_b, chequers_serial_rivers_micro_d,
          chequers_serial_rivers_large_a, chequers_serial_rivers_micro_b,
          serial_shops, shop, uniq_louise, uniq_azrael
Temple:   dshaligram_water_room_temple
Lair:1:   ebering_ghost_reflecting_pool, uniq_fannar
Lair:2:   uniq_urug
Lair:4:   minmay_shoals_entry_centaurs, dummy_snake_entry, basic_altar,
          lemuel_fruit_fields
Lair:5:   slime_altar_2, basic_altar, serial_bayou_lake_a, uniq_rupert,
          uniq_snorg
Lair:6:   evilmike_catoblepas_cave, serial_bayou_crossing
Orc:1:    mines5_lemuel
Orc:2:    grunt_orc_tribal_feast, gammafunk_ghost_necromancy, serial_shops,
          shop, uniq_sonja
Elf:1:    basic_altar, portal_desolation_entry_ruin, serial_shops, shop,
          minmay_shoptagon, uniq_roxanne, uniq_agnes, uniq_frances
Sewer:    kennysheep_door_sewer
Ossuary:  ossuary_minmay_tomb_2a

Skill      XL: |  1  2  3  4  5  6  7  8  9 10 11 12 13 14 15 16 |
---------------+-------------------------------------------------+-----
Conjurations   | 2 3 4 5 7 10 11 13 | 13.1
Spellcasting   | 5 6 7 9 12 13 14 16 18 20 | 20.0
Summonings     | 3 4 |  4.0
Fighting       | 3 5 7 9 10 | 10.0
Dodging        | 3 5 7 8 11 12 | 12.5
Armour         | 1 3 4 8 |  8.0
Evocations     | 2 4 7 8 |  8.0
Earth Magic    | 1 5 8 10 | 10.0
Translocations | 2 |  2.0
Fire Magic     | 1 5 6 10 | 10.3
Stealth        | |  2.4

Action                   |  1- 3 |  4- 6 |  7- 9 | 10-12 | 13-15 | 16-18 || total
-------------------------+-------+-------+-------+-------+-------+-------++-------
Melee: Unarmed           |       |       |     3 |       |       |       ||     3
       War axe           |       |       |       |       |     2 |       ||     2
 Cast: Magic Dart        |    87 |    70 |   330 |    64 |     4 |       ||   555
       Call Imp          |    15 |    39 |    32 |       |       |       ||    86
       Mephitic Cloud    |       |     6 |    19 |       |       |       ||    25
       Conjure Flame     |       |     2 |    29 |    28 |     1 |       ||    60
       Blink             |       |       |     9 |     1 |     6 |     4 ||    20
       Stone Arrow       |       |       |     5 |   293 |   171 |       ||   469
       Bolt of Magma     |       |       |       |    67 |   376 |       ||   443
       Iron Shot         |       |       |       |       |    38 |     7 ||    45
       Bolt of Fire      |       |       |       |       |   158 |   199 ||   357
       Apportation       |       |       |       |       |     1 |       ||     1
Evoke: Wand              |       |       |    16 |     9 |    14 |       ||    39
       Sack of spiders   |       |       |       |       |     1 |       ||     1
  Use: Scroll            |       |       |     9 |     2 |     9 |     3 ||    23
       Potion            |       |       |     1 |     1 |       |       ||     2
  Eat: Chunk             |     3 |     6 |    17 |    25 |    53 |       ||   104
       Ration            |       |       |     1 |       |       |     3 ||     4
Armor: Robe              |     6 |    11 |    30 |    18 |    58 |       ||   123
Dodge: Dodged            |    12 |    20 |    61 |    80 |   275 |    24 ||   472
       Rpst.: Falchion   |       |       |     5 |       |       |       ||     5
       Double sword      |       |       |       |    16 |       |       ||    16

Table legend:
 A = Non-vault XP
 B = Vault XP
 C = Vault XP percentage of total XP
 D = Non-vault monster count
 E = Vault monster count
 F = Vault count percentage of total count
                 A         B        C        D         E       F
            +---------+---------+-------+---------+---------+-------
      Total |  110009 |   97911 |  47.1 |     695 |     287 |  29.2
            +---------+---------+-------+---------+---------+-------
        D:1 |      44 |       0 |   0.0 |      24 |       0 |   0.0
        D:2 |      36 |      19 |  34.5 |      23 |      12 |  34.3
        D:3 |     297 |      21 |   6.6 |      41 |       2 |   4.7
        D:4 |     364 |       8 |   2.2 |      26 |       4 |  13.3
        D:5 |     604 |     128 |  17.5 |      24 |       1 |   4.0
        D:6 |     168 |       0 |   0.0 |      12 |       0 |   0.0
        D:7 |     866 |     166 |  16.1 |      25 |       1 |   3.8
        D:8 |    1505 |    3484 |  69.8 |      36 |      14 |  28.0
        D:9 |    3073 |    1641 |  34.8 |      27 |       8 |  22.9
       D:10 |    2797 |    3369 |  54.6 |      45 |      29 |  39.2
       D:11 |    3676 |    2484 |  40.3 |      35 |       6 |  14.6
       D:12 |    8832 |       0 |   0.0 |      46 |       0 |   0.0
       D:13 |    9470 |       0 |   0.0 |      48 |       0 |   0.0
       D:14 |   14898 |    7233 |  32.7 |      45 |      10 |  18.2
       D:15 |   18231 |    9087 |  33.3 |      41 |      17 |  29.3
     Lair:1 |    4063 |    2226 |  35.4 |      23 |       2 |   8.0
     Lair:2 |    6142 |     871 |  12.4 |      23 |       1 |   4.2
     Lair:3 |    9957 |       0 |   0.0 |      40 |       0 |   0.0
     Lair:4 |    6993 |     348 |   4.7 |      23 |       3 |  11.5
     Lair:5 |    3976 |    3555 |  47.2 |      10 |       2 |  16.7
     Lair:6 |    8243 |   10837 |  56.8 |      27 |      23 |  46.0
      Orc:1 |    2118 |    1279 |  37.7 |      36 |      13 |  26.5
      Orc:2 |    1753 |   10921 |  86.2 |      12 |      38 |  76.0
      Elf:1 |    1903 |    2236 |  54.0 |       3 |       1 |  25.0
      Sewer |       0 |     111 | 100.0 |       0 |       6 | 100.0
    Ossuary |       0 |     138 | 100.0 |       0 |      16 | 100.0
 Desolation |       0 |   37749 | 100.0 |       0 |      78 | 100.0
            +---------+---------+-------+---------+---------+-------
